Map: Acropolis LE

Players

Mez

  • Race: Terran Terran
  • League: Master
  • Spawn Location: 5:00

A.I. 1 (Very Easy) - Winner!

  • Race: Protoss Protoss
  • Spawn Location: 11:00

VOD

Have the link to the VOD?

Description

Time

  • Played on: Aug. 9, 2019, 4:37 p.m.
  • Length: 9:39
Show
View Real Time Build Order
Export as new Build Order

Mez Terran 

Build Orders: Liberator Opening, Reaper Expand 

Get SALT Encoding   

  12  0:01  SCV  
  13  0:14  SCV  
  14  0:18  Supply Depot  
  14  0:26  SCV  
  15  0:39  SCV  
  15  0:41  Barracks  
  16  0:45  Refinery  
  16  0:52  SCV  
  17  1:04  SCV  
  18  1:16  SCV  
  19  1:29  Reaper, Orbital Command  
  20  1:39  Command Center  
  20  1:47  Supply Depot  
  20  1:55  SCV  
  21  2:02  Marine  
  21  2:07  SCV  
  23  2:10  Factory  
  23  2:16  Refinery  
  23  2:19  SCV  
  24  2:23  Barracks Reactor  
  24  2:31  SCV  
  25  2:43  SCV  
  26  2:52  Orbital Command  
  26  2:56  Starport  
  26  3:03  Hellion x2  
  26  3:05  SCV  
  31  3:11  Barracks Tech Lab  
  31  3:17  SCV  
  31  3:18  Liberator  
  31  3:19  SCV  
  33  3:25  Hellion x2  
  37  3:27  Supply Depot  
  37  3:29  SCV  
  37  3:31  SCV  
  40  3:37  Marine  
  40  3:41  SCV  
  44  3:47  Hellion  
  46  3:49  Hellion  
  46  3:52  SCV, Supply Depot  
  46  3:54  SCV  
  50  3:58  Stimpack  
  50  4:05  SCV  
  50  4:06  SCV  
  52  4:18  Command Center  
  52  4:19  SCV x2  
  54  4:31  Barracks  
  54  4:34  Starport Reactor, Factory Reactor  
  54  4:35  SCV x2  
  54  4:36  Barracks  
  56  4:44  Engineering Bay x2  
  56  4:49  SCV  
  56  4:50  SCV  
  58  4:53  Refinery x2  
  58  4:59  Marine  
  59  5:02  SCV x2  
  59  5:06  Supply Depot  
  60  5:13  Terran Infantry Armor Level 1, Terran Infantry Weapons Level 1  
  60  5:14  SCV x2  
  62  5:27  Marine x2, Factory Reactor  
  62  5:28  Marine x2, Medivac x2  
  70  5:29  Marine  
  70  5:32  Orbital Command  
  70  5:34  SCV  
  72  5:36  SCV  
  72  5:40  Supply Depot  
  73  5:45  Marine x2  
  73  5:47  Marine x3  
  73  5:49  SCV x2, Orbital Command  
  80  6:03  Marine  
  81  6:04  SCV  
  81  6:05  SCV, Barracks  
  81  6:06  Marine, Barracks  
  81  6:07  Marine x3  
  87  6:20  SCV x2  
  87  6:21  Marine  
  87  6:22  Medivac  
  87  6:24  Marine  
  93  6:29  Marine x2, Medivac  
  93  6:30  Widow Mine x2  
  101  6:33  Supply Depot  
  101  6:34  Supply Depot  
  101  6:39  Combat Shield  
  101  6:54  Barracks Reactor x2, SCV x3, Marine  
  101  6:56  Widow Mine x2  
  101  6:57  Supply Depot  
  101  7:00  Armory  
  109  7:03  Marine x4  
  109  7:05  Factory  
  109  7:07  SCV x2  
  115  7:09  SCV  
  115  7:12  Marine  
  117  7:18  Medivac x2  
  117  7:19  SCV x2  
  117  7:21  SCV, Marine  
  125  7:25  Refinery  
  125  7:29  Supply Depot  
  125  7:35  Supply Depot x2  
  125  7:38  Supply Depot  
  125  7:51  SCV, Marine x7  
  133  7:56  Marine x2  
  133  7:57  Widow Mine x2, Factory Tech Lab  
  139  8:04  Supply Depot  
  139  8:06  Supply Depot  
  139  8:07  Supply Depot  
  139  8:08  SCV x3, Marine  
  139  8:10  Marine  
  139  8:11  Marine x5  
  149  8:14  Marine x2  
  149  8:16  Medivac x2  
  155  8:26  Marine  
  156  8:28  Widow Mine x3, Marine x2  
  156  8:29  Command Center  
  156  8:31  Marine x2  
  156  8:32  Marine  
  156  8:33  Marine  
  168  8:34  Marine  
  168  8:35  Marine  
  170  8:45  Supply Depot x2  
  170  8:49  Marine  
  170  8:50  Marine x5  
  170  8:51  Widow Mine x2, Marine  
  181  9:02  Barracks x2  
  181  9:06  Widow Mine, Marine x2, Barracks  
  181  9:07  Marine x3  
  181  9:09  Medivac x2  
  192  9:13  Supply Depot  
  192  9:16  Marine x4  
Show
View Real Time Build Order
Export as new Build Order

A.I. 1 (Very Easy) Protoss - Winner!

Build Orders:  

Get SALT Encoding   

  12  0:00  Probe  
  13  0:13  Probe  
  14  0:19  Pylon  
  14  0:37  Assimilator  
  14  0:43  Gateway  
  14  0:45  Pylon  
  14  1:13  Assimilator  
  14  1:22  Probe  
  14  1:30  Probe  
  14  1:32  Zealot  
  17  1:34  Cybernetics Core  
  17  1:38  Probe  
  19  1:49  Probe  
  20  1:59  Probe, Warp Gate  
  21  2:07  Probe  
  22  2:47  Stalker  
  24  4:53  Probe  
  24  5:05  Stalker  
  24  5:06  Probe  
  24  5:12  Pylon  
  19  5:18  Probe  
  8  5:30  Probe  
  8  5:33  Stalker  
  8  5:42  Probe  
  7  5:54  Probe  
  7  6:02  Zealot  
  7  6:06  Probe  
  7  6:18  Probe  
  7  6:30  Probe  
  7  6:31  Zealot  
  7  6:42  Probe  
  7  6:54  Probe  
  7  7:06  Probe  
  5  7:16  Probe  
  5  7:24  Probe  
  5  7:27  Robotics Facility  
  5  7:29  Stalker  
  8  7:33  Probe, Nexus  
  6  7:45  Probe  
  4  7:57  Probe  
  4  8:09  Probe  
  4  8:16  Observer  
  4  8:19  Probe  
  5  8:27  Probe  
  5  8:28  Zealot  
  5  8:33  Observer  
  7  8:35  Probe  
  8  8:48  Probe  
  9  8:51  Probe  
  9  9:00  Probe  
  8  9:06  Probe  
  6  9:13  Probe  
  6  9:20  Probe  
  7  9:25  Probe  
  7  9:27  Adept  
Tags
 
Add a new tag
Caveats
  • Supply blocks, unpowered buildings, or Contaminate may cause inaccurate times.
  • Supply counts are checked every 10 seconds.